 Dungeon Crawl Stone Soup version 0.29-a0-1027-gcd8c55af63 (webtiles) character file.

Game seed: 10271009881363197261

6451 Armakuni the Destroyer (level 11, -7/75 HPs)
             Began as a Human Monk on Aug 13, 2022.
             Was an Elder of Elyvilon.
             Mangled by a freezing wraith (12 damage)
             ... led by a death knight
             ... on level 9 of the Dungeon.
             The game lasted 00:24:58 (11188 turns).

Armakuni the Destroyer (Human Monk)                Turns: 11188, Time: 00:24:59

Health: -7/75      AC:  6    Str: 12    XL:     11   Next: 18%
Magic:  10/15      EV: 16    Int: 14    God:    Elyvilon [****..]
Gold:   135        SH:  0    Dex: 16    Spells: 7/12 levels left

rFire   + . .      SeeInvis .   b - +2 lajatang (spect)
rCold   + . .      Faith    +   (shield currently unavailable)
rNeg    . . .      Spirit   .   D - +0 troll leather armour
rPois   .          Reflect  .   (no helmet)
rElec   .          Harm     .   f - scarf {rC+ rF+}
rCorr   .          Rampage  .   B - +0 pair of gloves
Will    .....                   r - +0 pair of boots
Stlth   ++........              U - amulet of faith
HPRegen 1.02/turn               W - ring of wizardry
MPRegen 0.14/turn               E - +4 ring of evasion

@: slowed, very slow
A: no striking features
a: Renounce Religion, Purification, Heal Other, Heal Self


You were on level 9 of the Dungeon.
You worshipped Elyvilon.
Elyvilon was greatly pleased with you.
You visited 2 branches of the dungeon, and saw 10 of its levels.
You also visited: Ossuary.

You collected 457 gold pieces.
You spent 322 gold pieces at shops.

Inventory:

Hand Weapons
 b - a +2 spectral lajatang (weapon)
Armour
 f - a scarf of resistance (worn)
 g - a +1 buckler of protection
 r - a +0 pair of boots (worn)
 B - a +0 pair of gloves (worn)
 D - a +0 troll leather armour (worn)
Magical Staves
 a - a staff of conjuration
 i - a staff of earth
 o - a staff of fire
Jewellery
 E - a +4 ring of evasion (right hand)
 H - an amulet of reflection
 J - a ring of ice
 L - a ring of flight
 U - an amulet of faith (around neck)
 W - a ring of wizardry (left hand)
Wands
 j - a wand of iceblast (4)
 k - a wand of digging (8)
 v - a wand of flame (18)
Scrolls
 c - a scroll of identify
 d - 6 scrolls of vulnerability
 e - 8 scrolls of teleportation
 h - 4 scrolls of amnesia
 m - 7 scrolls of magic mapping
 s - a scroll of noise
 t - a scroll of summoning
 G - 2 scrolls of immolation
Potions
 l - 2 potions of heal wounds
 u - 3 potions of haste
 w - 3 potions of curing
 x - a potion of berserk rage
 z - a potion of degeneration {unknown}
 A - a potion of mutation {unknown}
 C - a potion of brilliance
 F - 2 potions of might {unknown}


   Skills:
 - Level 3.0 Fighting
 - Level 3.0(5.4) Maces & Flails
 - Level 7.1(7.4) Staves
 - Level 3.0 Dodging
 - Level 2.0 Stealth
 - Level 1.0 Spellcasting
 - Level 10.0 Conjurations
 + Level 5.5 Invocations
 + Level 9.2 Evocations


You had 7 spell levels left.
You knew the following spells:

 Your Spells              Type           Power      Damage    Failure   Level
a - Apportation           Tloc           0%         N/A       13%         1
b - Blink                 Tloc           0%         N/A       21%         2
z - Searing Ray           Conj           56%        2d6       1%          2

Your spell library contained the following spells:

 Spells                   Type           Power      Damage    Failure   Level
 Magic Dart               Conj           100%       1d8       1%          1
 Necrotise                Necr           0%         1d4       13%         1
 Summon Small Mammal      Summ           0%         N/A       13%         1
 Fulminant Prism          Conj/Hex       7%         3d7       16%         4
 Call Canine Familiar     Summ           0%         N/A       36%         3
 Lesser Beckoning         Tloc           0%         N/A       36%         3
 Summon Guardian Golem    Hex/Summ       0%         N/A       36%         3
 Orb of Destruction       Conj           14%        9d7       86%         7
 Manifold Assault         Tloc           0%         N/A       97%         5
 Spellforged Servitor     Conj/Summ      7%         N/A       100%        7


Dungeon Overview and Level Annotations

Branches:
Dungeon (9/15)             Temple (1/1) D:6         Ossuary (visited)
   Lair: D:8-11         Orc: D:9-12

Altars:
Ashenzari
Cheibriados
Dithmenos
Elyvilon
Fedhas
Gozag
Kikubaaqudgha
Makhleb
Nemelex Xobeh
Okawaru
Qazlal
Ru
Sif Muna
Uskayaw
Vehumet
Wu Jian
Xom
Yredelemnul
Zin
The Shining One
Jiyva

Shops:
D:5 (   D:8 *

Annotations:
D:9 2 transporters


Message History

The freezing wraith misses you.
You feel stable enough to blink again. The freezing wraith hits you!
The freezing wraith freezes you! You resist. The freezing wraith hits you!
* * * LOW HITPOINT WARNING * * *
The freezing wraith drains your vigour!
You feel as though you will be slow longer.
The freezing wraith hits you!
* * * LOW HITPOINT WARNING * * *
The freezing wraith freezes you. You resist.
* * * LOW HITPOINT WARNING * * *
The freezing wraith hits you! Elyvilon protects you from harm!
The wraith misses you.
The freezing wraith hits you but does no damage. x2
Your surroundings suddenly seem different.
You start resting.
A freezing wraith is nearby!
A freezing wraith is nearby!
There is an open door here.
You close the door.
A freezing wraith opens the door.
You close the door.
A freezing wraith opens the door.
You closely miss the freezing wraith.
Your +2 spectral lajatang misses the freezing wraith.
Something unseen opens the door.
The freezing wraith hits you!
* * * LOW HITPOINT WARNING * * *
The freezing wraith freezes you. You resist.
* * * LOW HITPOINT WARNING * * *
The freezing wraith hits you.
* * * LOW HITPOINT WARNING * * *
You hit the freezing wraith but do no damage.
Your +2 spectral lajatang hits the freezing wraith!
The freezing wraith closely misses you. x2
The freezing wraith completely misses you.
The freezing wraith misses you.
You hit the freezing wraith.
The freezing wraith is heavily damaged.
Your +2 spectral lajatang hits the freezing wraith!!
The freezing wraith barely misses you. The freezing wraith hits you!
You die...

#......#......#...# *....###
#......#......'...# #.......
#......#......#W..#######..#*###
##......########............#
............................#
.............####'####......#
...#######..W#..W....#......#
...# #...#.......#......# ...#
#...#.(@....#......# ...#
#...##W######......#####
...#######.......................
##.......^.......................
#..................#######......
#..................# #......
#..................# #......
#....############### #......
###### #......


You could see 2 freezing wraiths and a friendly +2 spectral lajatang (summoned).

Vanquished Creatures
  A death knight (D:9)
  A phantasmal warrior (D:9)
  Joseph (D:8)
  An unseen horror (D:9)
  2 trolls
  Sigmund (D:2)
  2 shadows (D:9)
  A wyvern (D:8)
  7 yaks
  A sky beast (D:7)
  2 black bears
  2 orc warriors
  3 centaurs
  A phantom (D:6)
  4 bullfrogs
  3 scorpions
  A gnoll sergeant (D:6)
  A necrophage (D:5)
  3 water moccasin zombies (Ossuary)
  8 wights
  2 howler monkeys (D:9)
  4 hounds
  4 orc priests
  Crazy Yiuf (D:6)
  2 iguanas
  4 orc wizards
  Natasha (thrice) (D:2)
  2 mummies (Ossuary)
  10 adders
  8 gnolls (D:6)
  2 shadow imps
  3 adder zombies (Ossuary)
  3 worms
  15 orcs
  8 endoplasms
  3 giant cockroaches
  5 gnoll zombies (Ossuary)
  10 goblins
  11 hobgoblins
  4 jackals (D:2)
  6 kobolds
  6 quokkas
  9 ball pythons
  6 bats
  2 frilled lizards
  5 hobgoblin zombies (Ossuary)
  6 kobold zombies (Ossuary)
  An orc zombie (Ossuary)
  5 rats
196 creatures vanquished.

Notes
Turn   | Place    | Note
-------+----------+-------------------------------------------
     0 | D:1      | Armakuni the Human Monk began the quest for the Orb.
     0 | D:1      | Reached XP level 1. HP: 18/18 MP: 1/1
   156 | D:1      | Reached skill level 1 in Staves
   181 | D:1      | Reached XP level 2. HP: 20/24 MP: 2/2
   446 | D:1      | Reached XP level 3. HP: 27/29 MP: 3/3
  1481 | D:2      | Noticed Natasha
  1490 | D:2      | Killed Natasha
  1491 | D:2      | Reached XP level 4. HP: 26/35 MP: 4/4
  1611 | D:2      | Learned a level 2 spell: Searing Ray
  2172 | D:2      | Noticed Natasha
  2176 | D:2      | Killed Natasha
  2177 | D:2      | Reached skill level 1 in Conjurations
  2177 | D:2      | Reached XP level 5. HP: 34/41 MP: 0/6
  2245 | D:2      | Reached skill level 1 in Spellcasting
  2292 | D:2      | Learned a level 2 spell: Blink
  2376 | D:2      | Noticed Sigmund
  2430 | D:2      | Found a faded altar of an unknown god.
  2504 | D:2      | Killed Sigmund
  2505 | D:2      | Reached skill level 3 in Conjurations
  2505 | D:2      | Reached XP level 6. HP: 19/47 MP: 1/7
  2604 | D:2      | Noticed Natasha
  2786 | D:2      | Killed Natasha
  2787 | D:2      | Reached skill level 5 in Staves
  3415 | D:3      | Reached XP level 7. HP: 51/52 MP: 1/8
  4401 | D:4      | Reached skill level 4 in Conjurations
  5545 | D:5      | Entered Level 5 of the Dungeon
  5595 | D:5      | Found Boriet's Weapon Boutique.
  5625 | D:5      | Reached XP level 8. HP: 58/58 MP: 4/9
  5634 | D:5      | Reached skill level 5 in Conjurations
  6271 | D:6      | Reached skill level 1 in Evocations
  6533 | D:6      | Identified a scroll of acquirement
  6533 | D:6      | Acquired a staff of conjuration
  6655 | D:6      | Learned a level 1 spell: Apportation
  6824 | D:6      | Found a staircase to the Ecumenical Temple.
  6833 | Temple   | Entered the Ecumenical Temple
  7156 | Temple   | Became a worshipper of Elyvilon the Healer
  7156 | Temple   | Reached * piety under Elyvilon
  7156 | Temple   | Reached ** piety under Elyvilon
  7351 | D:6      | Found a runed translucent door.
  7352 | D:6      | Noticed Crazy Yiuf
  7361 | D:6      | Killed Crazy Yiuf
  7774 | D:6      | Reached skill level 5 in Evocations
  7774 | D:6      | Reached XP level 9. HP: 55/63 MP: 1/10
  7880 | D:6      | Noticed a troll
  7884 | D:6      | Killed a troll
  7885 | D:6      | Reached skill level 6 in Conjurations
  8139 | D:7      | Reached skill level 1 in Invocations
  8416 | D:7      | Reached skill level 7 in Conjurations
  8713 | D:7      | Reached *** piety under Elyvilon
  9009 | D:8      | Noticed Joseph
  9019 | D:8      | Killed Joseph
  9034 | D:8      | Found a sand-covered staircase.
  9057 | Ossuary  | Entered an ossuary
  9247 | Ossuary  | Reached skill level 8 in Conjurations
  9247 | Ossuary  | Reached XP level 10. HP: 67/70 MP: 13/13
  9407 | D:8      | Found Qickafoga's General Store.
  9421 | D:8      | Bought a +1 buckler of protection for 247 gold pieces
  9421 | D:8      | Bought a scroll of identify for 30 gold pieces
  9426 | D:8      | Bought a scroll of teleportation for 45 gold pieces
  9449 | D:8      | Reached skill level 5 in Invocations
  9538 | D:8      | Reached **** piety under Elyvilon
  9787 | D:8      | Reached skill level 9 in Conjurations
 10624 | D:9      | Found a transporter.
 10640 | D:9      | Found the +8 storm bow {elec, penet}
 10716 | D:9      | Reached skill level 10 in Conjurations
 10804 | D:9      | Killed an unseen horror
 10814 | D:9      | Noticed a phantasmal warrior
 10817 | D:9      | Noticed a death knight
 10818 | D:9      | Noticed a freezing wraith
 10818 | D:9      | Noticed a freezing wraith
 10820 | D:9      | Reached ***** piety under Elyvilon
 11047 | D:9      | Reached XP level 11. HP: 75/75 MP: 14/14
 11056 | D:9      | Noticed a great orb of eyes
 11057 | D:9      | Found a transporter.
 11057 | D:9      | Found a viscous altar of Jiyva.
 11157 | D:9      | Killed a death knight
 11166 | D:9      | Killed a phantasmal warrior
 11167 | D:9      | Elyvilon protects you from harm!
 11175 | D:9      | Elyvilon protects you from harm!
 11186 | D:9      | HP: 2/75 [freezing wraith[a death knight] (6)]
 11188 | D:9      | Mangled by a freezing wraith

Illustrated notes

Levels and vault maps discovered:
D:1:      zaba_arrival_water, layout_rooms, minmay_surrounded
D:2:      kennysheep_six_static_rooms, layout_loops_ring,
          chequers_ecumenical_altar_lobes, st_stairs_6,
          kennysheep_generic_room_7, uniq_sigmund, uniq_natasha
D:3:      layout_basic, kennysheep_generic_room_6
D:4:      layout_cave_pods
D:5:      layout_rooms, serial_shops, shop
D:6:      layout_loops_ring, temple_hall, uniq_crazy_yiuf_cottage
D:7:      layout_basic
D:8:      layout_layer_cave, chequers_ossuary_entry_cave, serial_shops,
          nicolae_shop_hallway_plus, uniq_joseph
D:9:      gammafunk_jiyva_shrine, layout_irregular_city
Temple:   mainiacjoe_temple_cubbyholes

Skill      XL: |  1  2  3  4  5  6  7  8  9 10 11 |
---------------+----------------------------------+-----
Staves         | 1 2 3 4 5 6 7 |  7.1
Conjurations   | 1 3 4 5 8 10 | 10.0
Spellcasting   | 1 |  1.0
Evocations     | 5 8 9 |  9.2
Invocations    | 4 5 |  5.5
Fighting       | |  3.0
Maces & Flails | |  3.0
Dodging        | |  3.0
Stealth        | |  2.0

Action                   |  1- 3 |  4- 6 |  7- 9 | 10-12 || total
-------------------------+-------+-------+-------+-------++-------
Melee: Mace              |   111 |    62 |       |       ||   173
       Punch             |     1 |     2 |     4 |     2 ||     9
       Short sword       |       |    14 |    48 |       ||    62
       Quarterstaff      |       |       |    18 |       ||    18
       Staff             |       |       |   113 |    68 ||   181
       Flail             |       |       |     4 |       ||     4
       Lajatang          |       |       |       |    35 ||    35
 Cast: Searing Ray       |       |    13 |    53 |    11 ||    77
       Blink             |       |       |       |     2 ||     2
Invok: Heal Self         |       |       |       |     3 ||     3
Evoke: Wand              |       |       |     6 |    14 ||    20
  Use: Scroll            |     5 |     1 |     9 |    11 ||    26
       Potion            |       |     2 |       |       ||     2
 Stab: Sleeping          |     5 |     1 |     1 |     1 ||     8
       Paralysed         |       |       |       |    10 ||    10
       Distracted        |       |       |       |     1 ||     1
Armor: Robe              |    19 |    15 |    30 |       ||    64
       Troll leather arm |       |       |    18 |    28 ||    46
Dodge: Dodged            |    87 |    86 |   193 |   103 ||   469

Table legend: (Time is in decaauts)
 A = Elapsed time spent in this place.
 B = Non-inter-level travel time spent in this place.
 C = Inter-level travel time spent in this place.
 D = Time resting spent in this place.
 E = Time spent auto-exploring this place.
 F = Levels seen in this place.
 G = Mean time per level.
                   A        B        C        D        E       F      G
               +--------+--------+--------+--------+--------+-----+--------+
         Total |  11242 |  10977 |    265 |   2195 |   6435 |  11 | 1022.0 |
       Dungeon |  10651 |  10448 |    203 |   2169 |   6071 |   9 | 1183.4 |
        Temple |    353 |    291 |     62 |      0 |    287 |   1 |  353.0 |
       Ossuary |    237 |    237 |      0 |     26 |     77 |   1 |  237.0 |
               +--------+--------+--------+--------+--------+-----+--------+

Top non-repeatable levels by time:
     D:2: 1936 daAuts
     D:4: 1560 daAuts
     D:6: 1539 daAuts
     D:1: 1375 daAuts
     D:8: 1153 daAuts
     D:7: 869 daAuts
     D:9: 781 daAuts
     D:3: 745 daAuts
     D:5: 689 daAuts
  Temple: 353 daAuts
 Ossuary: 237 daAuts
